 Dungeon Crawl Stone Soup version 0.28.0 (webtiles) character file.

Game seed: 3674485327334671985

92 themarg the Conjurer (level 4, -1/33 HPs)
             Began as a Draconian Conjurer on Feb 5, 2022.
             Was a Believer of Makhleb.
             Slain by a goblin (3 damage)
             ... led by Robin
             ... on level 2 of the Dungeon.
             The game lasted 00:16:58 (2234 turns).

themarg the Conjurer (Draconian Conjurer)           Turns: 2234, Time: 00:16:59

Health: -1/33      AC:  5    Str:  9    XL:     4   Next: 35%
Magic:  2/8        EV: 12    Int: 21    God:    Makhleb [**....]
Gold:   81         SH:  0    Dex:  9    Spells: 4/8 levels left

rFire   . . .      SeeInvis .   b - +0 quarterstaff
rCold   . . .      Faith    .   (shield currently unavailable)
rNeg    . . .      Spirit   .   (armour unavailable)
rPois   .          Reflect  .   (helmet restricted)
rElec   .          Harm     .   (no cloak)
rCorr   .          Rampage  .   (no gloves)
Will    .....                   (no boots)
Stlth   ++........              (no amulet)
HPRegen 0.11/turn               (no ring)
MPRegen 0.11/turn               (no ring)

@: attractive, hasted, very quick
A: AC +5, unfitting armour, cold-blooded
a: Renounce Religion, Minor Destruction


You were on level 2 of the Dungeon.
You worshipped Makhleb.
Makhleb was pleased with you.
You visited 1 branch of the dungeon, and saw 2 of its levels.

You collected 81 gold pieces.

Inventory:

Hand Weapons
 b - a +0 quarterstaff (weapon)
Armour
 a - a +0 buckler
Jewellery
 e - a ring of poison resistance
Scrolls
 c - a scroll of amnesia {unknown}
 d - a scroll of immolation {unknown}
 h - a scroll of enchant armour {unknown}
Potions
 f - a potion of attraction


   Skills:
 + Level 0.5 Staves
 + Level 2.1 Dodging
 + Level 2.1 Stealth
 + Level 2.8 Spellcasting
 + Level 5.0 Conjurations


You had 4 spell levels left.
You knew the following spells:

 Your Spells              Type           Power      Damage    Failure   Level
a - Magic Dart            Conj           92%        1d7       1%          1
b - Animate Skeleton      Necr           4%         N/A       14%         1
c - Searing Ray           Conj           46%        2d6       2%          2

Your spell library contained the following spells:

 Spells                   Type           Power      Damage    Failure   Level
 Apportation              Tloc           4%         N/A       14%         1
 Summon Small Mammal      Summ           8%         N/A       14%         1
 Dazzling Flash           Conj/Hex       26%        N/A       14%         3
 Sublimation of Blood     Necr           2%         N/A       21%         2
 Wereblood                Tmut           2%         N/A       21%         2
 Fulminant Prism          Conj/Hex       6%         3d7       43%         4
 Iskenderun's Mystic Bla  Conj/Tloc      13%        2d5       43%         4
 Summon Hydra             Summ           1%         N/A       100%        7


Dungeon Overview and Level Annotations

Branches:
Dungeon (2/15)

Altars:
Makhleb

Annotations:
D:2 Robin


Innate Abilities, Weirdness & Mutations

Your plain brown scales are hard. (AC +5)
You cannot fit into any form of body armour.
You are cold-blooded and may be slowed by cold attacks.


Message History

The goblin hits the bush but does no damage.
Something hits the bush but does no damage.
The goblin hits the bush but does no damage.
The goblin hits the bush with a +0 dagger.
The goblin closely misses you.
The goblin hits the bush but does no damage.
The hobgoblin hits you.
The hobgoblin hits the bush but does no damage.
The hobgoblin barely misses you.
You barely miss the goblin.
Your tail-slap misses the goblin.
The goblin is severely wounded.
The hobgoblin no longer looks unusually strong.
A hobgoblin comes into view.
The goblin hits the bush but does no damage. x2
Robin roars a battlecry!
The hobgoblins go into a battle-frenzy!
The goblin hits you but does no damage.
The goblin hits the bush but does no damage.
The hobgoblin closely misses you.
The hobgoblin hits you but does no damage.
The hobgoblin hits the bush but does no damage. x2
The goblin hits the bush but does no damage. x3
Robin says, "My army is invincible!"
It was a potion of attraction.
You feel attractive to monsters.
The goblin no longer looks unusually strong.
The goblin hits you with a +0 club.
* * * LOW HITPOINT WARNING * * *
The goblin hits the bush but does no damage.
The hobgoblin hits you.
* * * LOW HITPOINT WARNING * * *
The hobgoblin hits the bush.
The hobgoblin hits you but does no damage.
The hobgoblin hits the bush.
The goblin hits the bush with a +0 dagger.
The goblin hits the bush but does no damage. x2
You feel yourself speed up.
The hobgoblin no longer looks unusually strong. x2
The goblin hits you with a +0 club.
You die...

#######.######
... #..# ..g.
##.##########.g.g


#.PPPPPPPPPPP.P #.P.....Pgg...P #.PPP.P.PgPPP.P #.P...P.ggP...P #
#.P.P†PPPgPPPPP.# #.P.P...P@g...P.# #.P.PPPPPgPPPPP$# #...P....ggg....#
##P.P.PPP.P.PPP.# #P.P...P.P...P.# #PPPPPPPPP.PPP.# #### ####.....# ####### You
could see Robin, 5 hobgoblins and 5 goblins.

Vanquished Creatures
  Natasha (D:2)
  A gnoll (D:1)
  An adder (D:2)
  2 worms (D:2)
  2 dart slugs
  3 endoplasms (D:1)
  A giant cockroach (D:2)
  4 goblins
  6 hobgoblins
  A kobold (D:1)
  6 ball pythons
  4 bats
  6 frilled lizards
  3 rats
41 creatures vanquished.

Notes
Turn   | Place    | Note
-------+----------+-------------------------------------------
     0 | D:1      | themarg the Draconian Conjurer began the quest for the Orb.
     0 | D:1      | Reached XP level 1. HP: 14/14 MP: 3/3
   449 | D:1      | Reached XP level 2. HP: 19/20 MP: 0/5
   996 | D:1      | Found a faded altar of an unknown god.
  1002 | D:1      | Prayed at the altar of an unknown god.
  1002 | D:1      | Became a worshipper of Makhleb the Destroyer
  1002 | D:1      | Reached * piety under Makhleb
  1196 | D:1      | Reached XP level 3. HP: 26/26 MP: 4/6
  1745 | D:2      | Learned a level 1 spell: Animate Skeleton
  1748 | D:2      | Learned a level 2 spell: Searing Ray
  2034 | D:2      | Noticed Natasha
  2040 | D:2      | Killed Natasha
  2040 | D:2      | Reached ** piety under Makhleb
  2041 | D:2      | Reached skill level 5 in Conjurations
  2041 | D:2      | Reached XP level 4. HP: 31/33 MP: 2/8
  2214 | D:2      | Noticed Robin
  2234 | D:2      | Slain by a goblin

Illustrated notes

Levels and vault maps discovered:
D:1:      wander_arrival_lonely_grave, layout_loops_ring,
          nicolae_ecumenical_snake_handling,
          nicolae_concentric_dashed_squares_wild
D:2:      layout_rooms, basic_altar, minivault_23, minmay_hedge_maze,
          roderic_lattice_a, uniq_natasha, uniq_robin

Skill      XL: |  1  2  3 |
---------------+----------+-----
Dodging        | 2 |  2.1
Stealth        | 2 |  2.1
Conjurations   | 5 |  5.0
Staves         | |  0.5
Spellcasting   | |  2.8

Action                   |  1- 3 |  4- 6 || total
-------------------------+-------+-------++-------
Melee: Quarterstaff      |     8 |    13 ||    21
       Tailslap          |     1 |       ||     1
 Cast: Magic Dart        |    67 |     8 ||    75
       Searing Ray       |       |     5 ||     5
  Use: Potion            |       |     2 ||     2
Armor: Skin              |     3 |    10 ||    13
Dodge: Dodged            |     8 |    21 ||    29
